 Dungeon Crawl Stone Soup version 0.30-a0-953-g5f1da4a474 (webtiles) character file.

Game seed: 1525675378990147158

17131 Newt the Markskobold (level 12, -18/67 HPs)
             Began as a Kobold Hunter on Mar 28, 2023.
             Was an Elder of Hepliaklqana.
             Demolished by a komodo dragon (shapeshifter) (24 damage)
             ... on level 11 of the Dungeon.
             The game lasted 00:13:14 (11871 turns).

Newt the Markskobold (Kobold Hunter)               Turns: 11871, Time: 00:13:15

Health: -18/67     AC:  7    Str:  9    XL:     12   Next: 78%
Magic:  0/26       EV: 20    Int: 10    God:    Hepliaklqana [****..]
Gold:   894        SH:  0    Dex: 29    Spells: 28/31 levels left

rFire   x . .      SeeInvis .    v - +6 shortbow (flame)
rCold   + + .      Faith    .    (shield currently unavailable)
rNeg    . . .      Spirit   +    y - +2 leather armour {rC+}
rPois   .          Reflect  .    m - +1 hat
rElec   .          Rampage  .    i - scarf {repulsion}
rCorr   .                        t - +0 pair of gloves
Will    .....                    (no boots)
Stlth   +++                      w - amulet of guardian spirit
HPRegen 0.31/turn                R - +6 ring of dexterity
MPRegen 0.20/turn                x - ring of ice

@: freezing walls, repel missiles
A: reduced essence, small, no large weapons, nightstalker 3
a: Renounce Religion, Recall Ancestor, Ancestor Identity, Transference, Idealise


You were on level 11 of the Dungeon.
You worshipped Hepliaklqana.
Hepliaklqana was greatly pleased with you.
You visited 2 branches of the dungeon, and saw 13 of its levels.

You collected 1921 gold pieces.
You spent 1027 gold pieces at shops.

Inventory:

Hand Weapons
 a - a +1 shortbow of draining
 v - a +6 shortbow of flaming (weapon)
Missiles
 O - a throwing net
Armour
 c - a +1 leather armour
 i - a scarf of repulsion (worn)
 m - a +1 hat (worn)
 s - a +2 cloak of poison resistance
 t - a +0 pair of gloves (worn)
 y - a +2 leather armour of cold resistance (worn)
Jewellery
 r - a +5 ring of evasion
 w - an amulet of guardian spirit (around neck)
 x - a ring of ice (right hand)
 B - a ring of wizardry
 H - a +6 ring of intelligence
 K - a ring of resist corrosion
 L - a +5 ring of evasion
 P - a +6 ring of strength
 R - a +6 ring of dexterity (left hand)
 U - a ring of magical power
Wands
 j - a wand of charming (19)
 I - a wand of roots (6)
 N - a wand of light (19)
 Q - a wand of mindburst (12)
 T - a wand of flame (4)
Scrolls
 b - 3 scrolls of immolation
 d - 5 scrolls of amnesia
 e - 7 scrolls of vulnerability
 h - 2 scrolls of magic mapping
 o - 3 scrolls of enchant armour
 u - a scroll of poison
 A - a scroll of fog
 D - a scroll of butterflies
 E - 3 scrolls of teleportation
 G - a scroll of fear {unknown}
Potions
 g - 2 potions of might
 k - 3 potions of resistance
 l - 2 potions of degeneration
 n - 4 potions of invisibility
 p - a potion of berserk rage
 q - 2 potions of attraction {unknown}
 z - 2 potions of heal wounds
 C - 4 potions of brilliance
 F - 2 potions of curing
 J - a potion of haste
 M - a potion of mutation {unknown}
Miscellaneous
 S - a condenser vane


   Skills:
 + Level 8.8 Fighting
 - Level 15.4 Ranged Weapons
 - Level 6.0 Dodging
 - Level 1.3 Stealth
 - Level 10.0 Spellcasting
 - Level 10.0 Ice Magic


You had 28 spell levels left.
You knew the following spells:

 Your Spells              Type           Power      Damage    Failure   Level
a - Frozen Ramparts       Ice            74%        1d12      1%          3

Your spell library contained the following spells:

 Spells                   Type           Power      Damage    Failure   Level
 Hailstorm                Conj/Ice       22%        3d7       8%          3
 Ice Form                 Ice/Tmut       22%        N/A       24%         4
 Summon Ice Beast         Ice/Summ       22%        N/A       24%         4
 Sublimation of Blood     Necr           5%         N/A       28%         2
 Petrify                  Tmut/Erth      5%         N/A       88%         4
 Simulacrum               Ice/Necr       11%        N/A       98%         6
 Irradiate                Conj/Tmut      2%         3d12      99%         5


Dungeon Overview and Level Annotations

Branches:
Dungeon (12/15)            Temple (1/1) D:4            Lair (0/5) D:10
    Orc: D:9-12

Altars:
Ashenzari
Cheibriados
Dithmenos
Elyvilon
Fedhas
Gozag
Hepliaklqana
Kikubaaqudgha
Makhleb
Nemelex Xobeh
Okawaru
Qazlal
Ru
Sif Muna
Trog
Uskayaw
Vehumet
Wu Jian
Xom
Yredelemnul
Zin
The Shining One

Shops:
D:1 (   D:4 [   D:5 !   D:6 [   D:7 *   D:8 =   D:10 :   D:11 *


Innate Abilities, Weirdness & Mutations

Your life essence is reduced to manifest your ancestor. (-10% HP)
You are small and have problems with some larger weapons.
You are completely attuned to the shadows.


Message History

The eight-headed hydra bites you.
* * * LOW HITPOINT WARNING * * *
The eight-headed hydra barely misses you.
The eight-headed hydra bites Thulani!
The eight-headed hydra bites Thulani. x2
Thulani blocks the eight-headed hydra's attack. x3
The eight-headed hydra bites Thulani but does no damage. x2
Unknown command.
Unknown command.
Casting: Frozen Ramparts (safe; 1% risk of failure)
Confirm with . or Enter, or press ? or * to list all spells.
Casting: Frozen Ramparts (safe; 1% risk of failure)
Press: ? - help, Dir - look around, f - activate You feel a surge of power!
The walls around you are covered in ice.
Thulani hits the eight-headed hydra with a +0 flail!
The wall freezes the komodo dragon but does no damage.
The komodo dragon misses you.
The wall freezes the eight-headed hydra.
The eight-headed hydra bites Thulani!
The eight-headed hydra completely misses Thulani.
Thulani blocks the eight-headed hydra's attack.
The eight-headed hydra closely misses Thulani.
The eight-headed hydra bites Thulani!
The eight-headed hydra bites Thulani but does no damage.
Thulani blocks the eight-headed hydra's attack.
The eight-headed hydra bites Thulani but does no damage.
Unknown command.
Unknown command.
Unknown command.
Okay, then.
Okay, then.
Aiming: Bolt of Light
Press: ? - help, Shift-Dir - straight line, f - eight-headed hydra
Aim: an eight-headed hydra (moderately wounded, ally target, 90% to hit)
The bolt of light misses the komodo dragon.
The bolt of light hits the eight-headed hydra!
The eight-headed hydra is heavily wounded.
The eight-headed hydra is blinded.
The wall freezes the komodo dragon!
The komodo dragon seems to slow down.
The komodo dragon bites you!!
You die...

#s..# #..............#.. #R..#
#.....)........#.. #...#
#.[............#.. #####...#
#[).)..........#.. #.......#
#......(.......#..
#.......########..............###
#................................
#................................
#...............@................
..............Rl#######..........
.###########...D# #.......... .#
#....# #.......... .# #....#
###......## .# #....# ######## ##
#....# ######


You could see the friendly Thulani the knight, an eight-headed hydra (wandering,
blind, ally target) and a komodo dragon (slow).

Vanquished Creatures
  Gastronok (D:8)
  2 two-headed ogres
  A boulder beetle (D:11)
  3 death yaks (D:10)
  A deep elf pyromancer (D:9)
  A manticore (D:9)
  2 cyclopes (D:11)
  2 trolls (D:12)
  2 hornets
  Prince Ribbit (D:9)
  The ghost of sasquatch the Cutter, an amateur HuBr (D:4)
  Grinder (D:6)
  Sigmund (D:6)
  A shadow (D:9)
  4 vampires
  19 yaks
  2 wraiths
  A steam dragon (D:7)
  3 water moccasins
  An acid dragon (D:10)
  3 orc warriors
  A centaur (D:12)
  2 kobold brigands
  7 bullfrogs
  A gnoll sergeant (D:8)
  A scorpion (D:5)
  2 wights (D:7)
  4 killer bees
  4 howler monkeys
  5 hounds
  A jelly (D:5)
  6 orc priests
  An iguana (D:5)
  3 sleepcaps
  10 orc wizards
  A statue (D:8)
  8 adders
  8 gnolls
  3 river rats (D:10)
  A white imp (D:6)
  2 ufetubi
  3 worms (D:3)
  28 orcs
  6 bats
  4 endoplasms
  9 giant cockroaches
  9 goblins
  6 hobgoblins
  2 jackals (D:4)
  11 kobolds
  2 quokkas (D:10)
  10 ball pythons
  A frilled lizard (D:3)
  7 rats
222 creatures vanquished.

Vanquished Creatures (collateral kills)
  2 two-headed ogres (D:11)
  A gargoyle (D:11)
  An unseen horror (D:10)
  2 yaks
  Menkaure (D:7)
  An orc warrior (D:10)
  A bullfrog (D:9)
  2 gnoll sergeants (D:9)
  4 killer bees
  2 orc wizards (D:7)
  5 gnolls
  An adder (D:6)
  4 orcs
  A quokka (D:10)
28 creatures vanquished.

Vanquished Creatures (others)
  4 knights
  An orc wizard (D:11)
  3 ancestors
  2 fungi (D:12)
  2 plants (D:9)
  3 toadstools (D:8)
15 creatures vanquished.

Grand Total: 265 creatures vanquished

Notes
Turn   | Place    | Note
-------+----------+-------------------------------------------
     0 | D:1      | Newt the Kobold Hunter began the quest for the Orb.
     0 | D:1      | Reached XP level 1. HP: 12/12 MP: 1/1
    62 | D:1      | Reached XP level 2. HP: 18/18 MP: 2/2
   176 | D:1      | Found Kasaucsagguh's Antique Weapon Emporium.
   202 | D:1      | Reached XP level 3. HP: 23/23 MP: 3/3
  1281 | D:2      | Reached XP level 4. HP: 30/30 MP: 4/4
  1541 | D:2      | Reached skill level 5 in Fighting
  2073 | D:3      | Reached XP level 5. HP: 35/35 MP: 5/5
  2105 | D:3      | Reached skill level 6 in Ranged Weapons
  2124 | D:3      | Found a snail-covered altar of Cheibriados.
  2924 | D:4      | Found Jaurol's Antique Armour Shop.
  2996 | D:1      | Bought a runed shortbow for 132 gold pieces
  3082 | D:4      | Found a runed translucent door.
  3087 | D:4      | Noticed a bullfrog
  3089 | D:4      | Noticed sasquatch's ghost (amateur HuBr)
  3245 | D:4      | Found a shimmering blue altar of Sif Muna.
  3583 | D:4      | Reached skill level 7 in Ranged Weapons
  3583 | D:4      | Reached XP level 6. HP: 40/40 MP: 6/6
  3703 | D:4      | Found a staircase to the Ecumenical Temple.
  3713 | Temple   | Entered the Ecumenical Temple
  3953 | D:4      | Found a hazy altar of Hepliaklqana.
  3955 | D:4      | Found a bloodstained altar of Trog.
  3966 | D:4      | Became a worshipper of Hepliaklqana the Forgotten
  4128 | D:4      | Reached skill level 8 in Ranged Weapons
  4140 | D:4      | Killed sasquatch's ghost
  4141 | D:4      | Reached skill level 9 in Ranged Weapons
  4141 | D:4      | Reached XP level 7. HP: 44/44 MP: 7/7
  4190 | D:5      | Entered Level 5 of the Dungeon
  4191 | D:5      | Identified a scroll of acquirement
  4191 | D:5      | Acquired 553 gold pieces
  4202 | D:4      | Bought a runed hat for 189 gold pieces
  4202 | D:4      | Bought a glowing cloak for 202 gold pieces
  4207 | D:4      | Bought a runed leather armour for 135 gold pieces
  4322 | D:5      | Reached skill level 10 in Ranged Weapons
  4596 | D:5      | Reached XP level 8. HP: 49/49 MP: 8/8
  4602 | D:5      | Found Gekk's Distillery.
  4605 | D:5      | Bought a potion of heal wounds for 75 gold pieces
  4715 | D:5      | Reached skill level 5 in Dodging
  4997 | D:6      | Reached * piety under Hepliaklqana
  5219 | D:6      | Reached skill level 1 in Spellcasting
  5219 | D:6      | Reached skill level 1 in Ice Magic
  5357 | D:6      | Noticed Sigmund
  5359 | D:6      | Noticed Grinder
  5360 | D:6      | Killed Sigmund
  5374 | D:6      | Paralysed by Grinder for 2 turns
  5379 | D:6      | Killed Grinder
  5428 | D:6      | Found Quodiwna's Armour Emporium.
  5553 | D:6      | Found a glowing golden altar of the Shining One.
  5630 | D:6      | Reached XP level 9. HP: 45/48 MP: 12/14
  5709 | D:6      | Found an ancient bone altar of Kikubaaqudgha.
  5854 | D:7      | Noticed Menkaure
  5857 | D:7      | Killed Menkaure
  5868 | D:7      | Learned a level 3 spell: Frozen Ramparts
  5903 | D:7      | Reached skill level 5 in Spellcasting
  5903 | D:7      | Reached skill level 5 in Ice Magic
  6011 | D:7      | Found Zin's Purification Station.
  6011 | D:7      | Found a glowing silver altar of Zin.
  6155 | D:7      | Found a white marble altar of Elyvilon.
  6267 | D:7      | Found a sacrificial altar of Ru.
  6312 | D:7      | Found a snail-covered altar of Cheibriados.
  6732 | D:8      | Reached XP level 10. HP: 53/53 MP: 19/19
  6746 | D:8      | Identified the +2 chain mail "Ykebluoq" {Fly Str+3 Int+4}
  6786 | D:8      | Reached ** piety under Hepliaklqana
  6787 | D:8      | Remembered your ancestor Thulani as a knight
  6870 | D:8      | Noticed Gastronok
  6901 | D:8      | Killed Gastronok
  7110 | D:8      | Found a sparkling altar of Nemelex Xobeh.
  7151 | D:8      | Found Qediof's Jewellery Boutique.
  7265 | D:8      | Found a radiant altar of Vehumet.
  7589 | D:9      | Found a burning altar of Makhleb.
  7826 | D:9      | Acquired 442 gold pieces
  7842 | D:9      | Found a blossoming altar of Fedhas.
  7882 | D:9      | Reached XP level 11. HP: 56/56 MP: 24/24
  7888 | D:9      | Noticed a deep elf pyromancer
  7895 | D:9      | Killed a deep elf pyromancer
  8158 | D:9      | Noticed a manticore
  8166 | D:9      | Killed a manticore
  8194 | D:9      | Noticed Prince Ribbit
  8204 | D:9      | Killed Prince Ribbit
  8304 | D:9      | Paralysed by a hornet for 1 turns
  8380 | D:9      | Reached skill level 10 in Spellcasting
  8380 | D:9      | Reached skill level 10 in Ice Magic
  8434 | D:9      | Noticed a two-headed ogre
  8441 | D:9      | Killed a two-headed ogre
  8619 | D:10     | Entered Level 10 of the Dungeon
  8642 | D:10     | Found an ornate altar of the Wu Jian Council.
  8655 | D:10     | Reached skill level 11 in Ranged Weapons
  8862 | D:10     | Reached *** piety under Hepliaklqana
  8901 | D:10     | Reached skill level 12 in Ranged Weapons
  9189 | D:10     | Noticed a death yak
  9190 | D:10     | Noticed a death yak
  9203 | D:10     | Killed a death yak
  9217 | D:10     | Noticed a death yak
  9227 | D:10     | Killed a death yak
  9228 | D:10     | Reached skill level 13 in Ranged Weapons
  9244 | D:10     | Killed a death yak
  9528 | D:10     | Found a staircase to the Lair.
  9586 | D:10     | Identified the +8 dagger "Kyppir" {heavy, Dex+2}
  9671 | D:10     | Reached XP level 12. HP: 51/61 MP: 18/26
  9678 | D:10     | Reached skill level 14 in Ranged Weapons
  9966 | D:10     | Found Voirghuc's Vocational Training.
  9985 | D:10     | Reached **** piety under Hepliaklqana
 10003 | D:10     | Found an iron altar of Okawaru.
 10572 | D:11     | Noticed a boulder beetle
 10585 | D:11     | Killed a boulder beetle
 10586 | D:11     | Reached skill level 15 in Ranged Weapons
 10755 | D:11     | Noticed a two-headed ogre
 10758 | D:11     | Killed a two-headed ogre
 11033 | D:11     | Noticed a two-headed ogre
 11037 | D:11     | Killed a two-headed ogre
 11044 | D:11     | Found Elieczaru's Demolitions Depot.
 11229 | D:11     | Noticed a two-headed ogre
 11232 | D:11     | Killed a two-headed ogre
 11378 | D:11     | Bought a wand of light (7) for 294 gold pieces
 11437 | D:12     | Noticed a two-headed ogre
 11438 | D:12     | Noticed a centaur warrior
 11643 | D:12     | Noticed an eight-headed hydra
 11668 | D:11     | HP: 2/67 [wolf spider (8)]
 11867 | D:12     | Noticed a war gargoyle
 11871 | D:11     | Demolished by a komodo dragon (shapeshifter)

Illustrated notes

Levels and vault maps discovered:
D:1:      dpeg_arrival_round_a, layout_rooms, serial_shops,
          nicolae_shop_statue_plus, minmay_door_square,
          nicolae_concentric_dashed_squares_mild
D:2:      layout_basic, serial_co_window_serial, co_window_paths_a,
          co_window_of_opportunity_a, co_window_paths_a, co_window_paths_a,
          co_window_paths_a, co_window_corner_b, co_window_broadway_a,
          co_window_2corner, co_window_paths_d, minmay_pentomino_s2
D:3:      layout_basic, cheibriados_altar_1
D:4:      layout_rooms, led_sif_book,
          chequers_temple_overflow_statue_of_worship, temple_green,
          serial_shops, shop_fountains, ebering_ghost_sewer_d,
          chequers_serial_rivers_small_b, hangedman_decor_peaks_small
D:5:      layout_loops_ring, serial_shops, nicolae_shop_behind_doors
D:6:      layout_loops_cross, mainiacjoe_overflow_concentric_impassable,
          tgw_kikubaaqudgha, serial_shops, shop, uniq_sigmund, uniq_grinder
D:7:      layout_rooms, lemuel_coloured_pillars_altar,
          nicolae_ru_the_path_less_chosen, zin_purify, minmay_ruined_shrine,
          uniq_menkaure
D:8:      layout_loops_ring, nemelex_diamond_rough_becter, vehumet_statue,
          serial_shops, nicolae_shop_statue_plus, minmay_gold_behind_fungi,
          grunt_ministairs_6, uniq_gastronok
D:9:      wad_cavern_with_rooms, layout_basic, mainiacjoe_overflow_chevrons,
          mainiacjoe_overflow_cross_hatched, uniq_prince_ribbit1
D:10:     layout_gridville, kennysheep_mini_moat, nicolae_wu_jian_wuxing_cycle,
          dpeg_lair_monsters, nicolae_shop_vocational
D:11:     layout_irregular_city, nicolae_blasting_shop
D:12:     minmay_heptahexagon, layout_irregular_city,
          kennysheep_orc_monster_closet_entryway, fungi_pond_lemuel,
          nicolae_eternal_life, uniq_maurice, uniq_erolcha
Temple:   nicolae_temple_superstar

Skill      XL: |  1  2  3  4  5  6  7  8  9 10 11 12 |
---------------+-------------------------------------+-----
Fighting       | 3 4 5 8 |  8.8
Ranged Weapons | 7 9 10 13 15 | 15.4
Dodging        | 4 6 |  6.0
Spellcasting   | 3 6 9 10 | 10.0
Ice Magic      | 3 6 9 10 | 10.0
Stealth        | |  1.3

Action                     |  1- 3 |  4- 6 |  7- 9 | 10-12 || total
---------------------------+-------+-------+-------+-------++-------
   Fire: Shortbow          |    65 |   116 |   197 |   379 ||   757
   Cast: Frozen Ramparts   |       |       |     1 |    17 ||    18
 Invoke: Ancestor Life: Kn |       |       |       |     1 ||     1
         Recall Ancestor   |       |       |       |     2 ||     2
  Evoke: Wand              |       |       |       |     1 ||     1
    Use: Scroll            |     5 |     9 |     3 |     7 ||    24
         Potion            |       |     1 |     1 |    10 ||    12
 Armour: Leather armour    |    10 |     6 |     8 |    27 ||    51
         Skin              |       |    14 |       |       ||    14
  Dodge: Dodged            |    35 |    27 |    63 |   187 ||   312
         Repelled          |       |     1 |       |     2 ||     3

Table legend: (Time is in decaauts)
 A = Elapsed time spent in this place.
 B = Non-inter-level travel time spent in this place.
 C = Inter-level travel time spent in this place.
 D = Time resting spent in this place.
 E = Time spent auto-exploring this place.
 F = Levels seen in this place.
 G = Mean time per level.
                   A        B        C        D        E       F      G
               +--------+--------+--------+--------+--------+-----+--------+
         Total |  11886 |  11252 |    634 |   1452 |   8361 |  13 |  914.3 |
       Dungeon |  11694 |  11075 |    619 |   1452 |   8192 |  12 |  974.5 |
        Temple |    191 |    177 |     14 |      0 |    169 |   1 |  191.0 |
               +--------+--------+--------+--------+--------+-----+--------+

Top non-repeatable levels by time:
    D:10: 1807 daAuts
    D:11: 1363 daAuts
     D:2: 1198 daAuts
     D:4: 1176 daAuts
     D:9: 1085 daAuts
     D:8: 1014 daAuts
     D:3: 889 daAuts
     D:6: 844 daAuts
     D:1: 821 daAuts
     D:5: 777 daAuts
     D:7: 690 daAuts
  Temple: 191 daAuts
    D:12: 25 daAuts
